[Event "Sardinia World Festival-A 2024"]
[Site "Orosei"]
[Date "2024.05.01"]
[Round "6.10"]
[White "Kilic, Eray"]
[Black "Fedoseev, Vladimir"]
[Result "0-1"]
[ECO "C13"]
[WhiteElo "2429"]
[BlackElo "2690"]
[Annotator "TA"]
[PlyCount "139"]
[EventDate "2024.04.26"]
[EventType "swiss"]
[EventCountry "ITA"]
[SourceTitle "playchess.com"]
[Source "ChessBase"]
[SourceQuality "1"]
[TimeControl "40/5400+30:1800+30"]

1. e4 e6 2. d4 d5 3. Nc3 Nf6 4. Bg5 dxe4 5. Nxe4 Be7 6. Bxf6 gxf6 7. Nf3 a6 8. c4 f5 9. Nc3 Qd6 (9... Bf6 $11 {should be considered.}) 10. c5 $14 {[%emt 0:06:04] White is slightly better.} Qf4 11. g3 Qg4 12. Bg2 O-O 13. O-O Rd8 14. Qa4 Nc6 15. Rad1 Rb8 16. h3 Qg7 17. Ne5 Nxe5 18. dxe5 Rf8 $1 19. Qd4 f6 20. exf6 Bxf6 21. Qc4 Kh8 22. Kh1 b6 23. c6 b5 24. Qb3 b4 25. Na4 Rb5 {[%emt 0:01:46] Inhibits Nc5.} 26. Rfe1 (26. f4 $15) 26... Bd4 $19 27. f4 (27. Rd2 $17 {was called for.}) 27... Bf2 $1 28. Re3 (28. Re2 {was necessary.} Bxg3 (28... Qxg3 29. Qf3 $17) 29. Qc4) 28... Bxe3 29. Qxe3 Rg8 30. Nc5 e5 $2 (30... Qxb2 31. Nd3 Qc3 (31... Qxa2 $2 32. Qd4+ e5 33. Nxe5 $18) 32. Rc1 $17) (30... Ra5 $19 31. Nd7 Qxb2 (31... Rxa2 32. Ne5 $17) (31... Qxg3 $2 32. Qe2 $19)) 31. Rd2 $1 $15 Ra5 (31... Qxg3 32. Qxe5+ Qg7 33. Qe3 $11) ({Black should play} 31... e4 $17 32. Bf1 Rb6 (32... Qxg3 33. Qxg3 Rxg3 34. Bxb5 $11)) 32. Bd5 $11 Re8 (32... Qxg3 33. Qxe5+ (33. Rg2 Qxg2+ 34. Bxg2 Re8 $18) 33... Qg7 34. Rg2 h6 35. Rxg7 (35. Bxg8 Qxe5 36. fxe5 Rxc5 $18) 35... Rxg7 36. Qe8+ (36. Nd7 Rxd5 37. Qxd5 Re7 $18) 36... Kh7 37. Qxc8 Rxc5 38. Qxf5+ Rg6 39. Qf7+ Kh8 40. Be4 (40. Qxg6 Rxd5 41. Qxh6+ Kg8 42. Qe6+ Kg7 43. Qxd5 Kf6 44. Qe5+ Kg6 45. Qe6+ Kg7)) (32... exf4 $2 33. gxf4 $18) 33. Nb7 Rb5 {[%emt 0:04:46] Hoping for ...Qf6.} 34. Bc4 Rxb7 35. cxb7 Bxb7+ 36. Kh2 e4 37. Qc5 Qf6 {[%emt 0:03:49] aiming for ...e3.} (37... e3 $6 38. Qxe3 Bc6 39. Qc5 $18) 38. Qxb4 e3 39. Re2 Bf3 40. Re1 a5 $36 {[%emt 0:08:10][%mdl 2048] Black has the initiative.} 41. Qc3 Qxc3 42. bxc3 {[%emt 0:00:06][%mdl 4096] Endgame. KRB-KRB} e2 43. Kg1 Re3 $1 44. Kf2 Rxc3 45. Be6 (45. Bxe2 $11 Be4 46. Rd1) 45... Be4 $17 {[%emt 0:00:00] White is on the road to losing.} 46. Kxe2 Kg7 47. Rg1 (47. g4 $142) 47... a4 $1 48. g4 Kf6 (48... Rxh3 49. Bxf5 Bxf5 50. gxf5+ Kf6 51. Rc1 $17) 49. gxf5 Rxh3 {[%emt 0:00:00] Black is more active.} 50. Rc1 c6 (50... Bxf5 51. Bxf5 Kxf5 52. Rxc7 $17) 51. Bd7 Ra3 (51... Bxf5 $2 52. Rxc6+ Kg7 53. Bxf5 $18) 52. Bxc6 (52. Be6 $142) 52... Rxa2+ $19 ({Inferior is} 52... Kxf5 53. Rc5+ Kxf4 54. Rc4 Rxa2+ 55. Kf1 $11) 53. Kd1 Bxf5 (53... Kxf5 54. Rc5+ Kxf4 55. Rc4 $14) 54. Bd5 Bg4+ 55. Ke1 Re2+ 56. Kf1 {[%emt 0:00:01] [#]} Rd2 $1 57. Rc6+ $2 {[%emt 0:00:46] [#]} (57. Rc5) 57... Ke7 $1 ({Worse is} 57... Kf5 58. Be6+ Kxf4 59. Rc4+ Ke5 60. Bxg4 $11) 58. Bg8 h5 59. Ke1 Re2+ 60. Kf1 Re4 61. Kf2 Rxf4+ 62. Ke3 Rf3+ 63. Kd4 h4 {[%emt 0:00:00] ...h3 would now be deadly.} 64. Rh6 (64. Bd5 $142 Rf6 65. Rc7+ Bd7 66. Rc3) 64... h3 65. Bd5 Rf4+ 66. Kc3 Rf5 67. Bc4 Rh5 {[%emt 0:00:00] Black mates.} 68. Rxh5 Bxh5 69. Bf1 h2 70. Kd4 {[%emt 0:10:11] Weighted Error Value: White=0.24 (precise) /Black=0.14 (very precise) .  Missed win:     	---       	Black=1      Mistake:       	White=8     	Black=2      Inaccurate:     	White=6     	Black=2      OK:         	White=16    	Black=27     Best:        	White=5     	Black=10     Strong:       	White=1     	Black=5} 0-1

[Event "Sardinia World Festival-A 2024"]
[Site "Orosei"]
[Date "2024.05.01"]
[Round "6.11"]
[White "Sjugirov, Sanan"]
[Black "Levin, Guy"]
[Result "1/2-1/2"]
[ECO "D23"]
[WhiteElo "2689"]
[BlackElo "2451"]
[Annotator "TA"]
[PlyCount "76"]
[EventDate "2024.04.26"]
[EventType "swiss"]
[EventCountry "ITA"]
[SourceTitle "playchess.com"]
[Source "ChessBase"]
[SourceQuality "1"]
[TimeControl "40/5400+30:1800+30"]

1. d4 d5 2. c4 dxc4 3. Nf3 Nf6 4. Qa4+ Nbd7 5. Nc3 a6 6. e4 e6 7. Bxc4 c6 {[%emt 0:10:30] aiming for ...b5.} 8. Bd3 e5 9. Be2 (9. dxe5 $2 Nc5 10. Qd1 Nxd3+ $19) (9. Nxe5 $5 Nxe5 10. dxe5 $11) 9... exd4 10. Qxd4 Bc5 11. Qd2 O-O 12. O-O Qe7 {[%emt 0:03:10][%cal Of8e8] Inhibits e5.} 13. Qc2 Ng4 14. Bg5 f6 15. Bh4 Nde5 16. Nd2 Kh8 17. Kh1 g5 18. Bg3 h5 19. Nb3 Ba7 20. Bxg4 Bxg4 21. h3 $1 Be6 22. f4 gxf4 23. Bxf4 Rad8 {[%emt 0:00:56] next ...Bc4 is good for Black.} 24. Bxe5 (24. Rfd1 $11) 24... fxe5 $17 25. Nd2 {[%emt 0:00:03] [#]} (25. Rad1 $17 {was called for.}) 25... Qg7 $2 (25... Rg8 $1 $19 {[%cal Rg8g2] ...Rxg2! is the strong threat.} 26. Rad1 Rxg2) 26. Nf3 $11 Bc4 27. Rfd1 {[%emt 0:00:18] Prevents Bd3} Qf6 28. Ne2 Be6 {[%emt 0:01:17][%cal Oe6h3] A strong pair of Bishops.} 29. Qc3 (29. Rxd8 $14 Rxd8 30. Rf1) 29... Rxd1+ $1 $15 30. Rxd1 {[%emt 0:00:03] [#]} Bxh3 $1 31. Nxe5 {[%emt 0:01:20] [#]} (31. Qxe5 Bg4) 31... Bxg2+ 32. Kxg2 $11 {[%emt 0:00:05][%cal Bh1g2,Bg2h3,Bh3g3][%mdl 32] Ng3 would now be deadly. The position is equal.} Rg8+ (32... Qf2+ $2 33. Kh3 Kg8 34. Qb3+ Kh8 35. Ng6+ (35. Qxb7 Qxe2 36. Ng6+ Kg8 $11) 35... Kg7 36. Nxf8 Kxf8 37. Ng3 $18 (37. Qxb7 Qf3+ 38. Ng3 Qxd1 $18)) 33. Ng3 h4 {[%emt 0:00:34] [#]} 34. Rd8 $1 {[%emt 0:03:48] Ng6+ would kill now.} Qf2+ $1 (34... Rxd8 $2 {perishes.} 35. Ng6+ Kg7 36. Nh5+ (36. Nxh4 $2 Qxc3 37. bxc3 Rd2+ 38. Kf3 Kf6 $19) 36... Kxg6 37. Qxf6+ $18) 35. Kh3 {[%emt 0:00:01] Threatening mate with Nf7+.} Qxg3+ (35... Rxd8 $5 36. Nf7+ $8 Kh7 37. Nxd8 hxg3 38. Qxg3 Qf1+ (38... Qxb2 39. Qc7+ Qg7 40. Qxg7+ Kxg7 41. Nxb7 $11) 39. Kh2 Qe2+ 40. Kh3 Qxe4 $15 (40... Qxb2 41. Qc7+ Qg7 42. Qxg7+ Kxg7 43. Nxb7 $11)) 36. Qxg3 hxg3 37. Rxg8+ Kxg8 38. Kxg3 Bd4 {[%emt 0:00:27][%csl LRb2,LRe5] Weighted Error Value: White=0.16 (very precise) /Black=0.15 (very precise) .  Mistake:       	White=3     	Black=2      Inaccurate:     	White=2     	Black=2      OK:         	White=9     	Black=7      Best:        	White=1     	Black=2      Strong:       	White=1     	Black=2      Brilliant:      	---       	Black=1} (38... Bb8 $5 39. Kf4 $8 Kf8 $11) 1/2-1/2

[Event "Sardinia World Festival-A 2024"]
[Site "Orosei"]
[Date "2024.05.01"]
[Round "6.12"]
[White "Lodici, Lorenzo"]
[Black "Degraeve, Remy"]
[Result "1-0"]
[ECO "A14"]
[WhiteElo "2565"]
[BlackElo "2432"]
[Annotator "RC"]
[PlyCount "145"]
[EventDate "2024.04.26"]
[EventType "swiss"]
[EventCountry "ITA"]
[SourceTitle "playchess.com"]
[Source "ChessBase"]
[SourceQuality "1"]
[TimeControl "40/5400+30:1800+30"]

1. Nf3 d5 2. g3 Nf6 3. Bg2 e6 4. O-O Be7 5. c4 O-O 6. b3 d4 7. e3 c5 8. exd4 cxd4 9. Bb2 Nc6 10. Re1 Bc5 11. d3 a5 12. Na3 Re8 13. Ne5 Nxe5 14. Rxe5 Qd6 15. Rxc5 Qxc5 16. Nb5 Rd8 17. Ba3 Qe5 18. Qd2 Ne8 19. Re1 Qf6 20. Bc5 Bd7 21. Bxd4 Qe7 22. Bb6 Rdb8 23. Nc7 Nxc7 24. Bxc7 Re8 25. Bxa5 Bc6 26. Bxc6 bxc6 27. b4 e5 28. a4 Qa7 29. c5 Qd7 30. Qc3 f6 31. Rb1 Kh8 32. Qc4 f5 33. Re1 h6 34. Qc3 f4 35. Kg2 Qd5+ 36. Re4 Ra7 37. Qc4 Qd7 38. f3 fxg3 39. hxg3 Qf5 40. Re3 Qg5 41. Qe4 Re6 42. Re2 Rf7 43. Qg4 Qe7 44. b5 Ref6 45. bxc6 Qxc5 46. c7 Rxc7 47. Bxc7 Qxc7 48. Qb4 Qc6 49. Qe4 Qa6 50. Rc2 Rd6 51. Rc4 Rd8 52. Qe2 Qa5 53. Qc2 Qa8 54. Qc3 Rf8 55. Re4 Qd5 56. Qc4 Qa5 57. Qb4 Qa8 58. a5 Rb8 59. Qc3 Rc8 60. Qxe5 Rc2+ 61. Kh3 Qa6 62. Rg4 Qa7 63. Rd4 Qa8 64. Rd7 Qf8 65. a6 Rc5 66. Qd4 Qf5+ 67. Qg4 Qf6 68. a7 Ra5 69. d4 h5 70. Qe4 Qf8 71. Qg6 h4 72. Rf7 Qc8+ 73. Qg4 1-0

[Event "Sardinia World Festival-A 2024"]
[Site "Orosei"]
[Date "2024.05.01"]
[Round "6.13"]
[White "Vantika Agrawal"]
[Black "Sonis, Francesco"]
[Result "1/2-1/2"]
[ECO "D30"]
[WhiteElo "2398"]
[BlackElo "2562"]
[Annotator "TA"]
[PlyCount "108"]
[EventDate "2024.04.26"]
[EventType "swiss"]
[EventCountry "ITA"]
[SourceTitle "playchess.com"]
[Source "ChessBase"]
[SourceQuality "1"]
[TimeControl "40/5400+30:1800+30"]

1. d4 d5 2. c4 e6 3. Nf3 a6 4. Bg5 Nf6 5. cxd5 exd5 6. Nc3 Be6 7. e3 Nbd7 8. h3 {[%emt 0:01:13] White is slightly better.} Bd6 9. Bd3 c6 10. Bf4 Qb8 11. Bxd6 Qxd6 12. O-O O-O 13. a4 c5 14. dxc5 Nxc5 15. Bc2 Rfd8 16. Qd4 Rac8 17. Rfd1 Qe7 18. Qh4 {[%emt 0:04:27][%cal Oc2h7] Bxh7+! would now be deadly.} h6 19. Nd4 Rd6 20. Rac1 Rcd8 21. b4 Ncd7 22. b5 a5 23. Nce2 Ne5 24. Ng3 {[%emt 0:01:25] [#] Strongly threatening Ndf5.} R6d7 25. Ngf5 Bxf5 26. Nxf5 ({Of course not} 26. Bxf5 Rc7 $11) 26... Qe6 27. Qg3 Ng6 28. Nd4 Qe8 (28... Qe5 $142) 29. Bf5 Re7 30. Bxg6 (30. Bd3 $16) 30... fxg6 $14 31. Rc7 {[%emt 0:00:25] Hoping for Rxe7.} Rdd7 32. Rxd7 Rxd7 33. Rc1 Ne4 34. Qg4 Kh7 35. Qe6 Qd8 36. Nf3 (36. Ne2 $16) 36... Nf6 ({Black should try} 36... Re7 $1 $11 37. Rc8 Rxe6 38. Rxd8 Nc3) 37. Qe5 {[%emt 0:00:34] White has more active pieces.} Ne4 38. h4 Rd6 39. Qd4 (39. Rc2 $14) 39... Re6 40. Qa7 Re7 {[%emt 0:00:49] [#] And now ...b6 would win.} 41. Qd4 Rf7 42. Qe5 Re7 43. Qf4 Nd6 44. Ne5 Qe8 45. Nc6 Re6 46. Nd4 Rf6 47. Qg4 Nc4 48. Nf3 Qe7 49. Rd1 Nb6 50. Qd4 Qe4 51. Rc1 Qe7 {[%emt 0:02:21] Inhibits Rc7.} (51... Nxa4 $11 52. Qa7 Nc3 (52... Qg4 $2 53. Qxb7 g5 54. Qxd5 $18) 53. Rxc3 Qb1+ 54. Kh2 Rxf3 55. gxf3 Qb2) 52. Rd1 ({Better is} 52. Nd2 $14) 52... Re6 53. Qc3 Qb4 (53... Nxa4 $14 54. Qxa5 Nb6) 54. Qxb4 $18 axb4 {[%emt 0:00:05] Weighted Error Value: White=0.12 (very precise) /Black=0.18 (very precise) .  Loses game:     	---       	Black=1      Mistake:       	White=4     	Black=3      Inaccurate:     	White=2     	Black=6      OK:         	White=20    	Black=16     Best:        	White=1     	Black=1} 1/2-1/2

[Event "Sardinia World Festival-A 2024"]
[Site "Orosei"]
[Date "2024.05.01"]
[Round "6.14"]
[White "Tudor, Henry Edward"]
[Black "Mikhalevski, Victor"]
[Result "1-0"]
[ECO "A04"]
[WhiteElo "2279"]
[BlackElo "2506"]
[Annotator "TA"]
[PlyCount "107"]
[EventDate "2024.04.26"]
[EventType "swiss"]
[EventCountry "ITA"]
[SourceTitle "playchess.com"]
[Source "ChessBase"]
[SourceQuality "1"]
[TimeControl "40/5400+30:1800+30"]

1. Nf3 c5 2. b3 d6 3. d4 cxd4 4. Nxd4 Nf6 5. Bb2 g6 6. g3 h5 7. h3 Bd7 8. Bg2 {[%emt 0:09:49] White is slightly better.} Qc8 9. c4 Bg7 10. Nc3 O-O 11. Rc1 Na6 12. Qd2 Re8 13. Nd5 Nc5 14. Nxf6+ Bxf6 {[%emt 0:04:42] [#]} 15. g4 $1 h4 (15... hxg4 16. hxg4) 16. Nf3 (16. O-O $16) 16... Ne4 $14 17. Qc2 Qc5 (17... Qd8 $11 {remains equal.}) 18. O-O $16 Bc6 19. Bxf6 exf6 20. Nxh4 Kg7 21. e3 (21. Nf3 $16) 21... Rh8 {[%emt 0:00:17] [#]} (21... Ng5 $1 $15 {stays ahead.} 22. b4 Qxb4) 22. Nf3 $1 Ng5 23. Nxg5 Qxg5 24. Qd2 Rh4 25. Qxd6 (25. f3 $16) 25... Rah8 $14 26. Qf4 {[%emt 0:00:43] And now Qxg5 would win.} Rxh3 $1 {[%emt 0:00:26][%cal Oh3h1] ( -> ...Rh1+!)} 27. f3 $1 $36 {[%emt 0:00:31][%mdl 2048] Hoping for Qxg5. White has some pressure.} Qa5 {[%emt 0:00:58] This move loses the game for Black.} 28. Bxh3 $18 Rxh3 29. Kg2 g5 30. Qd4 Rh4 31. Rf2 Qc7 32. Rh1 {[%emt 0:00:08] Dodges Qh2+} (32. Qxa7 Rh2+ (32... Rxg4+ $2 33. Kf1 $19) 33. Kf1 Rxf2+ (33... Rh1+ $2 34. Ke2 $19) 34. Kxf2 Qh2+ 35. Kf1 Bxf3 (35... Qh1+ $2 36. Ke2 $19) (35... Qh1+ $2 36. Ke2 $19)) 32... Rxh1 33. Kxh1 {[%emt 0:00:01][%mdl 4096] Endgame. KQR-KQB} Qg3 34. e4 Kg8 35. Qd8+ (35. Qxa7 Bxe4 36. Qe3 (36. fxe4 Qh4+ 37. Kg1 Qxg4+ 38. Kh1 Qh3+ 39. Kg1 Qg4+ 40. Kh2 Qh4+ 41. Kg1 Qg4+ $11) 36... b6 $14) 35... Kg7 36. Qd2 a5 37. Rf1 Qe5 38. Kg2 Qc5 39. Rh1 {[%emt 0:00:31] aiming for Qd8.} Qe5 40. Re1 Kg8 41. Rd1 Kg7 42. Qd4 Qf4 43. a4 b6 44. Rh1 ({Worse is} 44. Qxb6 Bxe4 45. Qf2 (45. fxe4 Qxg4+ 46. Kf2 Qxd1 $11) 45... Qxg4+ 46. Kf1 Bxf3 $11) 44... Qb8 45. Rh5 Kg6 46. Kf2 Qc7 47. Rh8 Bd7 48. Kg2 (48. Qd1 $142 f5 49. gxf5+ (49. exf5+ Bxf5 50. gxf5+ Kxf5 $18) 49... Kg7 50. Qa1+ f6 51. Qh1 Qc5+ 52. Kg2 Bxf5 53. exf5) 48... Kg7 49. Rh5 Kg6 {[%emt 0:00:50] [#]} 50. e5 $1 fxe5 (50... Qxe5 51. Qxe5) 51. Qe4+ f5 52. Qd5 {[%emt 0:01:02] White mates.} Qc8 53. Qd6+ Be6 54. Qe7 {[%emt 0:00:05] Weighted Error Value: White=0.15 (very precise) /Black=0.38.  Loses game:     	---       	Black=1      Mistake:       	White=3     	Black=2      Inaccurate:     	White=1     	Black=3      OK:         	White=18    	Black=8      Best:        	White=3     	Black=2      Strong:       	White=2     	Black=1} 1-0

[Event "Sardinia World Festival-A 2024"]
[Site "Orosei"]
[Date "2024.05.01"]
[Round "6.15"]
[White "Rozen, Eytan"]
[Black "Kanov, Nikola"]
[Result "0-1"]
[ECO "B44"]
[WhiteElo "2499"]
[BlackElo "2423"]
[Annotator "TA"]
[PlyCount "154"]
[EventDate "2024.04.26"]
[EventType "swiss"]
[EventCountry "ITA"]
[SourceTitle "playchess.com"]
[Source "ChessBase"]
[SourceQuality "1"]
[TimeControl "40/5400+30:1800+30"]

1. Nf3 c5 2. e4 e6 3. d4 cxd4 4. Nxd4 Nc6 5. Bf4 d6 6. Nxc6 {[%emt 0:00:12] B44: Sicilian: Taimanov: 5 Nb5.} bxc6 7. Bd3 e5 8. Be3 Nf6 9. c4 Be7 10. Nc3 O-O 11. O-O h6 12. Rc1 $146 ({Predecessor:} 12. h3 Be6 13. Qe2 Qc7 14. Rfc1 Qb7 15. Rab1 a5 16. b3 Nd7 17. c5 Nxc5 18. Bxc5 dxc5 19. Na4 {½-½ Sekar,B (2263)-Avinash,R (2238) Tamil Nadu IM 19th 2024 (6)}) 12... Bb7 13. Qb3 Qd7 14. Be2 Rfb8 15. Rfd1 Qe6 16. Qa4 Rd8 17. Bf3 Rd7 18. Rd2 Ng4 19. Bxg4 Qxg4 20. f3 Qe6 21. Rcd1 Rdd8 22. Qa5 Kh7 23. h3 Rd7 24. b3 Rad8 25. Na4 d5 26. cxd5 cxd5 27. exd5 Bxd5 28. Nc3 Bc6 29. Rxd7 Rxd7 30. Rxd7 Qxd7 31. Bxa7 Qd3 32. Bf2 (32. Qxe5 $2 {loses.} Bf6 33. Qc5 Qxc3 34. Qxc3 Bxc3 $19) 32... Bd6 33. Bc5 $2 {[%emt 0:02:27] [#]} (33. a4 $11) 33... e4 $1 $19 ({Not} 33... Bb8 34. Bb6 $11) 34. Nxe4 Bxe4 35. Bxd6 Qd4+ 36. Kh1 Qd1+ 37. Kh2 Qxd6+ 38. Kh1 Qd1+ 39. Kh2 Qd6+ 40. Kh1 $1 Bb1 (40... Bc6 $19 41. b4 Qd7) 41. b4 $17 Qd2 42. a3 (42. a4 $17 {is a better defense.}) 42... Bd3 $19 43. Qc5 Qa2 44. Qc1 f6 45. Kh2 h5 46. h4 (46. Qc5 $142) 46... Kg6 47. Kg3 {[%emt 0:00:00] [#]} Qb3 (47... Bb5 $1 $19 {and Black stays clearly on top. White must now prevent ...Qe2.} 48. Qe1 Qd5 (48... Qxa3 49. Qe4+ Kh6 50. Qf4+ Kg6 51. Qe4+ Kh6 52. Qf4+ Kg6 53. Qe4+ $11)) 48. Kf4 $2 (48. Qe3 $17) 48... Qe6 $19 49. Qc3 (49. Kg3 $142) 49... Qd6+ $19 50. Ke3 Bf5 51. Kf2 Qf4 52. g3 (52. b5 $142) 52... Qd6 $19 53. a4 $2 (53. Qc4 {was worth a try.}) 53... Qd1 $19 54. a5 (54. Qb2 {keeps fighting.}) 54... Bd3 $19 55. Ke3 Bb5 56. Ke4 Qd6 (56... Ba6 $142 57. f4 Kh7) 57. f4 $2 (57. g4) 57... Qe6+ 58. Kd4 Qd6+ (58... Kh6 $142 59. Qc7 Bf1) 59. Ke4 $1 $19 Bc6+ 60. Ke3 Qe6+ 61. Kd4 Qd5+ 62. Ke3 Bb5 63. Qc2+ Kh6 64. Qc3 Qd1 65. Ke4 Bf1 66. Ke3 Qd5 67. Qd2 Qb3+ 68. Kf2 Bb5 69. Qd6 Qc2+ 70. Ke3 Qc3+ 71. Kf2 Bc6 72. Ke2 Bf3+ 73. Kf2 Bg4 74. f5 Qf3+ 75. Kg1 Qe3+ 76. Kg2 Bf3+ 77. Kh3 Qf2 0-1

[Event "Sardinia World Festival-A 2024"]
[Site "Orosei"]
[Date "2024.05.01"]
[Round "6.16"]
[White "Krishnan, Ritvik"]
[Black "Costa, Leonardo"]
[Result "0-1"]
[ECO "E73"]
[WhiteElo "2277"]
[BlackElo "2476"]
[Annotator "TA"]
[PlyCount "90"]
[EventDate "2024.04.26"]
[EventType "swiss"]
[EventCountry "ITA"]
[SourceTitle "playchess.com"]
[Source "ChessBase"]
[SourceQuality "1"]
[TimeControl "40/5400+30:1800+30"]

1. d4 Nf6 2. c4 g6 3. Nc3 Bg7 4. e4 d6 5. Be2 O-O 6. Be3 e5 7. d5 a5 8. g4 Na6 9. g5 Nd7 10. h4 Ndc5 {[%emt 0:11:09] White is slightly better.} 11. h5 c6 12. Nf3 a4 13. Nd2 ({Much worse is} 13. Nxa4 Qa5+ 14. Nc3 Nxe4 $11) 13... Qa5 14. a3 $1 Bd7 15. Kf1 cxd5 16. cxd5 b5 17. Kg2 Rfb8 $1 18. Rc1 Qd8 19. hxg6 hxg6 20. Rh4 b4 21. axb4 Rxb4 (21... Nxb4 $11 22. Nc4 Qe7) 22. Rc2 $2 (22. Qh1 $18) 22... Rd4 {[%emt 0:05:43][%cal Oa6b4] ...Nb4! is the strong threat.} 23. Qf1 $2 (23. Qh1 $1 $11 {and White stays safe.}) 23... Nb4 $1 $19 24. Rc1 {[%emt 0:00:17][%cal Od2f3] [#]} Nb3 $2 25. Nxb3 $11 axb3 26. Rd1 {[%emt 0:04:23] [#]} (26. Rb1 $11 {remains equal.}) 26... Nc2 $1 $36 {[%emt 0:00:18][%mdl 2048] Strongly threatening ...Nxe3+. Black is in control.} 27. Bc1 Ra1 {[%emt 0:00:03][%cal Oa1c1] Hoping for ...Rxc1! Black has more active pieces.} 28. Rd3 $2 {[%emt 0:00:51][%mdl 8192] This move loses the game for White.} (28. Rh2 $17) 28... Rxd3 29. Bxd3 {[%emt 0:00:01] [#]} Ne3+ $1 30. Bxe3 $19 Rxf1 31. Kxf1 Bf8 32. Rh1 Be7 33. Rg1 Qa5 {[%emt 0:00:28] Threatens to win with ...Qa1+.} 34. Ke2 Bd8 35. Kd2 Bb6 36. Bxb6 Qxb6 37. Ke2 Qa7 38. Bc4 Kg7 39. Bd3 Qc7 40. Rg3 Qc8 41. Rg1 Qh8 42. Ke3 $2 (42. Bc4 {was called for.}) 42... Qh4 {[%emt 0:00:00] Black is clearly winning.} 43. Ne2 {[%emt 0:00:00] Against Qf4+} Bg4 44. f3 Qxg5+ 45. f4 Qh5 {[%emt 0:02:59] Weighted Error Value: White=0.59/Black=0.29 (precise) .  Loses game:     	White=2     	Black=1      Missed win:     	White=1     	Black=1      Mistake:       	White=2     	---        Inaccurate:     	White=2     	Black=1      OK:         	White=9     	Black=12     Best:        	White=2     	Black=1      Strong:       	White=1     	Black=3} 0-1

[Event "Sardinia World Festival-A 2024"]
[Site "Orosei"]
[Date "2024.05.01"]
[Round "6.17"]
[White "Bronstein, Or"]
[Black "Haldorsen, Benjamin"]
[Result "1/2-1/2"]
[ECO "E73"]
[WhiteElo "2458"]
[BlackElo "2419"]
[Annotator "TA"]
[PlyCount "186"]
[EventDate "2024.04.26"]
[EventType "swiss"]
[EventCountry "ITA"]
[SourceTitle "playchess.com"]
[Source "ChessBase"]
[SourceQuality "1"]
[TimeControl "40/5400+30:1800+30"]

1. d4 Nf6 2. c4 g6 3. Nc3 Bg7 4. e4 d6 5. Be2 O-O 6. Be3 a5 {[%emt 0:00:43] E73: King's Indian: Averbakh Variation without 6...c5.} 7. Nf3 Ng4 8. Bg5 h6 9. Bc1 e5 10. h3 exd4 $146 ({Predecessor:} 10... Nf6 11. O-O Nbd7 12. Be3 exd4 13. Nxd4 Nc5 14. Qc2 Re8 15. Bf3 Nh7 16. Qd2 Ng5 17. Bxg5 hxg5 {1-0 Woodward,A (2354)-Cabarkapa,N (2466) Novi Sad TS GM 266th 2022 (6)}) 11. Nxd4 Nf6 12. Be3 Re8 13. f3 Nh5 14. g4 Ng3 15. Rg1 Nxe2 16. Qxe2 a4 17. O-O-O a3 18. b3 Nc6 19. Qd2 Kh7 20. h4 Ne5 21. Rgf1 Bd7 22. g5 h5 23. Nde2 Bc6 24. Bd4 Nd7 25. Rf2 Nc5 26. Nf4 Rb8 27. Bxg7 Kxg7 28. b4 Ne6 29. b5 Nxf4 30. Qxf4 Bd7 31. Nd5 c6 32. Nf6 Re6 33. Rxd6 Qa5 34. Qd2 Qxd2+ 35. Rdxd2 Be8 36. b6 c5 37. Rd3 Rxb6 38. Rfd2 Rxf6 39. gxf6+ Kxf6 40. Rxa3 Bc6 41. Ra5 Ke5 42. Rxc5+ Kf4 43. Rg5 Kxf3 44. e5 Be4 45. Rd7 Rc8 46. Kd2 Rf8 47. Rg1 Kf2 48. Re1 Bc6 49. Rd3 Bf3 50. Ree3 Bg4 51. Re4 Kg2 52. Kc3 Ra8 53. Kb2 Re8 54. Ree3 Kf2 55. Rc3 Re6 56. c5 g5 57. hxg5 Rg6 58. Red3 Rxg5 59. Rc2+ Ke1 60. Re3+ Kf1 61. Rb3 Rxe5 62. Rxb7 f5 63. Rb4 Re4 64. Rbc4 Be2 65. Rxe4 fxe4 66. Rc3 (66. Rxe2 $142 Kxe2 67. c6 Kf2 68. c7 e3 69. c8=Q (69. c8=R e2 $11) 69... e2 70. Qf5+ Kg3 71. Qe5+ (71. Qxh5 e1=Q $14) 71... Kf2 72. Qf4+ (72. Qxh5 e1=Q 73. Qh4+ Kf1 74. Qxe1+ Kxe1 75. Kc3 Kf2 76. Kd4 Kg3) 72... Kg2 73. Qe3) 66... Ba6 $18 67. Re3 Bb7 68. Kc2 (68. Rb3 $142 Ba8 69. Rh3) 68... Kg2 {[%emt 0:00:22] [#]} 69. Rb3 $1 Bd5 70. Rb6 h4 71. Rg6+ Kf2 72. Rf6+ Kg2 73. Rd6 Bb7 74. c6 Bc8 75. Kd2 $2 (75. Rd8 {mates} Bf5 76. Rg8+ Kf3 77. Rf8 Kg4 78. Rxf5 (78. c7 Be6 79. c8=Q Bxc8 80. Rxc8 h3 81. Rh8 Kg3 82. a4 h2) 78... Kxf5 79. c7 Kg5 80. c8=Q (80. c8=R Kf5 81. a4 Ke6 82. a5 Kd7 83. Rc3 h3 84. Rxh3 Kc6 85. Rh6+ Kc7)) 75... h3 $11 76. Ke3 h2 77. Rd2+ (77. Kxe4 h1=Q (77... h1=R 78. Rd2+ Kg3 79. Kd5 $16) 78. Kd5 Qh5+ 79. Kd4 Qb5 $19) 77... Kg3 78. Rd1 (78. Kxe4 h1=Q+ (78... h1=R 79. Kd5 $14) 79. Kd4 Qxc6 80. Rd3+ Kf4 (80... Kf2 {is a self mate.} 81. a3 Qd6+ 82. Kc3 Qc5+ 83. Kb2 Ke2 84. Rd8 Be6 85. Re8 Qb5+ 86. Kc2 Qxe8 87. Kc3 Qc6+ 88. Kb4 Qb6+ 89. Kc3 Qb3+ 90. Kd4 Qe3#) 81. Rc3 Qe4+ 82. Kc5 Be6 83. Kb5 Ke5 (83... Bxa2 84. Rc5 Be6 85. Ka5 Qd3 86. Rh5 Qd8+ 87. Kb4 Qd2+ 88. Kc5 Qa5+ 89. Kd6 Qxh5 90. Kxe6 Qc5 91. Kf6 Qe5+ 92. Kf7 Kg5 93. Kg8 Kf6 94. Kh7 Qc7+ 95. Kh8 Qg7#) 84. Rc1 Qe2+ (84... Bxa2 85. Rg1 Qb7+ 86. Kc5 Qa7+ 87. Kb5 Qxg1 88. Kc6 Bc4 89. Kc7 Qc5+ 90. Kb7 Kd6 91. Kb8 Qc7+ 92. Ka8 Bd5#) 85. Kc6 Qa6+ (85... Qxa2 86. Re1+ Kf6 87. Rf1+ Ke7 88. Rg1 Qd5+ 89. Kb6 Qd4+ 90. Ka5 Qxg1 91. Kb4 Qc1 92. Kb5 Kd6 93. Ka6 Qc5 94. Kb7 Qc7+ 95. Ka8 Bd5#) 86. Kc5 Qa3+ (86... Bxa2 87. Re1+ Kf5 88. Kd4 Qc4+ 89. Ke3 Qc3+ 90. Ke2 Bd5 91. Rf1+ Ke4 92. Rf8 Qb2+ 93. Kf1 Kd3 94. Rg8 Qe2+ 95. Kg1 Bxg8 96. Kh1 Bd5+ 97. Kg1 Qg2#) 87. Kc6 Qxc1+ 88. Kb7 Kd6 (88... Bxa2 89. Kb6 Kd6 90. Ka5 Kc6 91. Kb4 Qc4+ 92. Ka5 Qb5#) 89. Ka6 Qc6+ (89... Bxa2 90. Ka5 Qb2 91. Ka4 Kc6 92. Ka5 Qb5#) 90. Ka5 Kc5 91. a4 Qb6#) 78... Kg2 79. Kxe4 Bg4 80. Rd2+ Kg3 81. Rxh2 $1 Kxh2 82. a4 Kg3 83. Kd5 Kf4 84. a5 Bc8 85. Kd6 Ke4 86. c7 Kd4 87. Kc6 Ke5 88. Kc5 Ke6 89. Kc6 Ke5 90. Kb5 (90. Kb6 $5 Kd6 $8 91. a6 Bxa6 92. Kxa6 Kxc7 $11) 90... Kd6 91. Kb6 Kd7 92. a6 Bxa6 $1 93. Kxa6 Kxc7 1/2-1/2